 Dungeon Crawl Stone Soup version 0.27.0-1-g7a089689b8 (webtiles) character file.

Game seed: 8183548967897460503

24 Delamore the Sneak (level 3, 0/25 HPs)
             Began as an Octopode Brigand on Aug 6, 2021.
             Slain by a gnoll (1 damage)
             ... on level 2 of the Dungeon.
             The game lasted 00:00:26 (726 turns).

Delamore the Sneak (Octopode Brigand)                Turns: 726, Time: 00:00:26

Health: 0/25       AC:  1    Str: 10    XL:     3   Next: 2%
Magic:  3/3        EV: 13    Int: 13    God:
Gold:   0          SH:  0    Dex: 14    Spells: 2/2 levels left

rFire    . . .     SeeInvis .   a - +2 dagger
rCold    . . .     Faith    .   (no shield)
rNeg     . . .     Spirit   .   (helmet restricted)
rPois    .         Reflect  .   (no amulet)
rElec    .         Harm     .   (no ring)
rCorr    .         Rampage  .   (no ring)
Will     .....                  (no ring)
Stlth    ++++......             (no ring)
HPRegen  0.08/turn              (no ring)
MPRegen  0.08/turn              (no ring)
                                (no ring)
                                (no ring)

@: no status effects
A: almost no armour, amphibious, 8 rings, camouflage 1, gelatinous body 1,
(nimble swimmer 1), tentacles
a: no special abilities


You were on level 2 of the Dungeon.
You visited 1 branch of the dungeon, and saw 2 of its levels.

Inventory:

Hand Weapons
 a - a +2 dagger (weapon)
Missiles
 b - 8 poisoned darts (quivered)
 c - 2 curare-tipped darts
Scrolls
 e - a scroll of identify {unknown}
Potions
 d - 2 potions of cancellation {unknown}


   Skills:
 + Level 2.3 Fighting
 * Level 2.8 Short Blades
 - Level 2.0 Throwing
 + Level 1.5 Dodging
 - Level 5.3 Stealth


You had 2 spell levels left.
You didn't know any spells.
Your spell library was empty.

Dungeon Overview and Level Annotations

Branches:
Dungeon (1/15)

Altars:


Innate Abilities, Weirdness & Mutations

You cannot wear most types of armour.
You are amphibious.
You can wear up to eight rings at the same time.
Your skin changes colour to match your surroundings (Stealth+).
Your rubbery body absorbs attacks. (AC +1, EV +1)
((You are camouflaged near water. (Stealth+)))
You have tentacles for arms and can constrict up to eight enemies at once.


Message History

No target in view!
You see here an adder corpse.
A ball python and a kobold come into view.
There are monsters nearby!
There are monsters nearby!
The ball python barely misses you. The ball python misses you.
The kobold shouts!
You hit the kobold.
You kill the kobold!
The ball python closely misses you. The ball python grabs you.
The ball python constricts you.
You have reached level 3!
Your experience leads to an increase in your attributes!
Increase (S)trength, (I)ntelligence, or (D)exterity?
You feel agile.
You hit the ball python. You grab the ball python. You squeeze the ball python.
You kill the ball python!
You see here a +0 robe.
A gnoll comes into view. It is wielding a +2 vorpal spear.
A gnoll is nearby!
A gnoll is nearby!
Found a stone staircase leading up. 2 gnolls come into view.
The gnoll shouts! x2
The gnoll hits you with a +2 vorpal spear!
Found a mace.
You barely miss the gnoll. Your grab misses the gnoll. The gnoll misses you. x2
You hit the gnoll. You grab the gnoll.
The gnoll is heavily wounded.
You constrict the gnoll.
The gnoll hits you with a +2 vorpal spear!
* * * LOW HITPOINT WARNING * * *
x2 The gnoll closely misses you.
You are too injured to fight recklessly!
You are too injured to fight recklessly!
You are too injured to fight recklessly!
You release your grip on the gnoll.
The gnoll hits you from afar with a +2 vorpal spear.
* * * LOW HITPOINT WARNING * * *
You die...

## .. )# # #...# .# #..
#...# .# .. #...#
##g#.##.# #...#
#gg......
########...#####.##
#...............@.#..
........................
..................##.#..
.#####.#....####<## #
#.#....# #... #.#....#
##### #.#....# #.#....#
#รท.....###


You could see 3 gnolls.

Vanquished Creatures
  An adder (D:2)
  2 ball pythons
  2 endoplasms
  A hobgoblin (D:2)
  5 kobolds
  2 quokkas
  A frilled lizard (D:1)
  A rat (D:1)
15 creatures vanquished.

Notes
Turn   | Place    | Note
-------+----------+-------------------------------------------
     0 | D:1      | Delamore the Octopode Brigand began the quest for the Orb.
     0 | D:1      | Reached XP level 1. HP: 14/14 MP: 1/1
   315 | D:1      | Reached XP level 2. HP: 12/19 MP: 2/2
   469 | D:1      | You fall into a shaft and drop 1 floor!
   688 | D:2      | Reached XP level 3. HP: 23/25 MP: 3/3
   726 | D:2      | HP: 1/25 [gnoll (5)]
   726 | D:2      | Slain by a gnoll

Illustrated notes

Levels and vault maps discovered:
D:1:      dpeg_arrival_pits, layout_rooms, minmay_tetromino_t2
D:2:      layout_loops_cross, hellmonk_ecumenical_altar_lost_god,
          minmay_goblin_kobold_house

Action                   || total
-------------------------++-------
Melee: Dagger            ||    29
       Constrict         ||     7
       Tentacles         ||     3
 Stab: Sleeping          ||     2
Armor: Skin              ||     1
Dodge: Dodged            ||    15
